cohdb
Replays
Latest Replays
All Replays
Popular Replays
Top Player Replays
Match Explorer
How It Works
Community
CoH3 Stats
Reddit
Sign in to upload your games and track your stats! →
Sign in with Steam
Match 46058180
Unlisted
Match 46058180
Overview
Messages
Build Orders
End
Selects Italian Combined Arms Battlegroup
Selects Bersaglieri Squad
Bersaglieri Squad
Kradschützen Motorcycle Team
Bersaglieri Squad
Construct Light Support Kompanie
Selects Bersaglieri Bolster
Bersaglieri Squad
2.5-tonne Medical Truck
Fire Support Elements
Selects Breda Model 30 Light Machine Guns
Panzerjäger Mechanized Group
Construct Panzerarmee Kommand
Selects Semovente da 75/18 Assault Gun
Panzer III L Medium Tank
Selects Strafing Run
Selects Artillery Cover
le.IG 18 Mechanized Group
Emergency Repair Kits
Armored Reserves
Strafing Run
Gear-IV-G
Eilte
Stormless
Grunka Lunka
0
0
Comments
sign in to comment!
No comments posted yet!